 Dungeon Crawl Stone Soup version 0.27.1 (webtiles) character file.

Game seed: 7626666714610866700

252 greenlake the Skirmisher (level 5, -4/42 HPs)
             Began as a Demonspawn Fighter on Aug 31, 2021.
             Was a Believer of Kikubaaqudgha.
             Slain by an iguana (9 damage)
             ... on level 4 of the Dungeon.
             The game lasted 00:05:51 (3055 turns).

greenlake the Skirmisher (Demonspawn Fighter)       Turns: 3055, Time: 00:05:51

Health: -4/42      AC: -2    Str: 17    XL:     5   Next: 89%
Magic:  5/5        EV:  9    Int:  9    God:    Kikubaaqudgha [**....]
Gold:   154        SH:  0    Dex: 13    Spells: 4/4 levels left

rFire    . . .     SeeInvis .   j - +2 rapier (vamp)
rCold    . . .     Faith    .   (no shield)
rNeg     . . .     Spirit   .   b - +0 scale mail
rPois    .         Reflect  .   (helmet restricted)
rElec    .         Harm     .   (no cloak)
rCorr    .         Rampage  .   g - +1 pair of gloves
Will     .....                  (no boots)
Stlth    ..........             (no amulet)
HPRegen  0.14/turn              (no ring)
MPRegen  0.09/turn              (no ring)

@: corroded
A: antennae 1, claws 1, powered by pain 1
a: Renounce Religion, Receive Corpses


You were on level 4 of the Dungeon.
You worshipped Kikubaaqudgha.
Kikubaaqudgha was pleased with you.
You visited 1 branch of the dungeon, and saw 4 of its levels.

You collected 154 gold pieces.

Inventory:

Hand Weapons
 a - a +0 long sword
 j - a +2 vampiric rapier (weapon)
Armour
 b - a +0 scale mail (worn)
 c - a +0 kite shield
 g - a +1 pair of gloves (worn)
Jewellery
 p - a ring of resist corrosion
Scrolls
 f - a scroll of acquirement {unknown}
 i - a scroll of identify {unknown}
 l - 2 scrolls of teleportation {unknown}
 m - a scroll of enchant weapon {unknown}
 n - a scroll of silence {unknown}
 o - a scroll of blinking {unknown}
Potions
 d - a potion of might
 e - a potion of resistance {unknown}
 h - 2 potions of curing {unknown}
 k - 2 potions of cancellation {unknown}


   Skills:
 + Level 4.0 Fighting
 + Level 3.4(3.8) Short Blades
 - Level 2.3(3.3) Long Blades
 + Level 3.4 Armour
 + Level 0.7 Dodging
 + Level 0.2 Stealth
 - Level 2.6 Shields


You had 4 spell levels left.
You didn't know any spells.
Your spell library contained the following spells:

 Spells                   Type           Power      Damage    Failure   Level
 Animate Skeleton         Necr           0%         N/A       78%         1
 Pain                     Necr           0%         1d4       78%         1
 Sublimation of Blood     Necr           0%         N/A       89%         2
 Vampiric Draining        Necr           0%         2d6       98%         3


Dungeon Overview and Level Annotations

Branches:
Dungeon (4/15)             Temple (0/1) D:4

Altars:
Kikubaaqudgha
Ru


Innate Abilities, Weirdness & Mutations

You have a pair of small antennae on your head.
You have sharp fingernails.
You sometimes gain a little power by taking damage.


Message History

The hobgoblin is heavily wounded.
The hobgoblin hits you but does no damage.
An orc comes into view. It is wielding a +0 hand axe.
You hit the hobgoblin.
You kill the hobgoblin!
Kikubaaqudgha accepts your kill.
Items here: $ = ? [.
The orc hits you but does no damage.
You barely miss the orc. The orc hits you but does no damage.
You puncture the orc!
You kill the orc!
Kikubaaqudgha accepts your kill.
You now have 154 gold pieces (gained 17).
Things that are here:
a +0 hand axe; a +0 ring mail; an orc corpse A jelly comes into view.
The jelly quivers.
A jelly is nearby!
An iguana comes into view.
The jelly hits you. The acid corrodes you!
You are splashed with acid!
You barely miss the jelly. The jelly barely misses you.
You hit the jelly but do no damage. The acid corrodes you!
Your hands burn!
The jelly hits you but does no damage.
You hit the jelly.
You feel better.
Your hands burn!
The jelly is lightly wounded.
The jelly barely misses you.
You hit the jelly but do no damage. The acid corrodes you!
Your hands burn!
The jelly is lightly wounded.
The iguana bites you!
The jelly jiggles.
The jelly barely misses you.
You puncture the jelly! The acid corrodes you!
Your hands burn!
The jelly is heavily wounded.
The iguana closely misses you. The jelly hits you.
* * * LOW HITPOINT WARNING * * *
The acid corrodes you!
You are splashed with acid!
* * * LOW HITPOINT WARNING * * *
The iguana bites you!
You die...
Kikubaaqudgha rasps: "You have failed me!
Welcome... death!"

##.........# #..[.# .
........#.#####....'
..##............[....#
..................##.#
#...........######.##.#
#.# ###............##.#
#...#.........#######.#
#....l..#.)....# #.#
.....#J@.#......### #.#
.#....#.###.#.....####.
#.......#...#.........
......#..#.....[...####
####........[#.....# ##
##...#####....... #..?
.....## ##... .#...# #.
.#...#


You could see an iguana and a jelly.

Vanquished Creatures
  Blork the orc (D:4)
  A bullfrog zombie (D:3)
  An orc wizard (D:3)
  5 adders
  A worm (D:2)
  2 dart slugs
  4 orcs
  5 bats
  7 endoplasms
  3 giant cockroaches
  3 goblins
  6 hobgoblins
  5 jackals (D:3)
  12 kobolds
  3 quokkas
  4 ball pythons
  2 frilled lizards
  8 rats
73 creatures vanquished.

Notes
Turn   | Place    | Note
-------+----------+-------------------------------------------
     0 | D:1      | greenlake the Demonspawn Fighter began the quest for the
                  | Orb.
     0 | D:1      | Reached XP level 1. HP: 18/18 MP: 1/1
   204 | D:1      | Gained mutation: You have a pair of small antennae on your
                  | head. [demonic ancestry]
   204 | D:1      | Reached XP level 2. HP: 12/24 MP: 2/2
  1321 | D:2      | Found a faded altar of an unknown god.
  1324 | D:2      | Gained mutation: You have sharp fingernails. [demonic
                  | ancestry]
  1324 | D:2      | Reached XP level 3. HP: 21/29 MP: 3/3
  1351 | D:2      | Became a worshipper of Kikubaaqudgha
  1351 | D:2      | Reached * piety under Kikubaaqudgha
  1351 | D:2      | Received a gift from Kikubaaqudgha
  1830 | D:2      | Reached skill level 1 in Short Blades
  1959 | D:2      | Gained mutation: You sometimes gain a little power by
                  | taking damage. [demonic ancestry]
  1959 | D:2      | Reached XP level 4. HP: 35/35 MP: 4/4
  2221 | D:3      | Found a sacrificial altar of Ru.
  2385 | D:3      | Reached ** piety under Kikubaaqudgha
  2477 | D:3      | Reached XP level 5. HP: 42/42 MP: 5/5
  2910 | D:4      | Noticed Blork the orc
  2923 | D:4      | Killed Blork the orc
  2924 | D:4      | Reached skill level 4 in Fighting
  2983 | D:4      | Found a staircase to the Ecumenical Temple.
  3055 | D:4      | Slain by an iguana

Illustrated notes

Levels and vault maps discovered:
D:1:      kilobyte_arrival_exit_the_forest, layout_basic
D:2:      layout_loops_ring, chequers_ecumenical_altar_island
D:3:      layout_basic, old_standard_altar
D:4:      layout_basic, minmay_temple_entry_mist, hangedman_decor_lopped,
          minivault_4, kennysheep_generic_room_4, uniq_natasha,
          uniq_blork_the_orc

Skill      XL: |  1  2  3  4  5 |
---------------+----------------+-----
Long Blades    | 2 |  2.3
Armour         | 3 |  3.4
Short Blades   | 1 2 3 |  3.4
Fighting       | 4 |  4.0
Dodging        | |  0.7
Stealth        | |  0.2
Shields        | |  2.6

Action                   |  1- 3 |  4- 6 || total
-------------------------+-------+-------++-------
Melee: Long sword        |    62 |       ||    62
       Rapier            |    53 |   101 ||   154
Armor: Scale mail        |    57 |    63 ||   120
Dodge: Dodged            |    61 |    49 ||   110
       Rpst.: Long sword |    15 |       ||    15
